 Dungeon Crawl Stone Soup version 0.28-a0-1594-ga885d4b3d6 (webtiles) character file.

Game seed: 11608246210426772174

21 lonewolfV2 the Magician (level 3, 0/25 HPs)
             Began as a Djinni Fire Elementalist on Jan 20, 2022.
             Slain by a bat (1 damage)
             ... on level 1 of the Dungeon.
             The game lasted 00:02:39 (1073 turns).

lonewolfV2 the Magician (Djinni Fire Elementalist)  Turns: 1073, Time: 00:02:40

Health: 0/25       AC:  2    Str:  7    XL:     3   Next: 2%
Gold:   56         EV: 12    Int: 24    God:
                   SH:  0    Dex: 13

rFire   + + .      SeeInvis .   (no weapon)
rCold   x . .      Faith    .   (no shield)
rNeg    . . .      Spirit   .   a - +0 robe
rPois   ∞          Reflect  .   (no helmet)
rElec   .          Harm     .   (no cloak)
rCorr   .          Rampage  .   (no gloves)
Will    .....                   (boots unavailable)
Stlth   ++........              (no amulet)
HPRegen 0.08/turn               d - +6 ring of intelligence
MPRegen 0.00/turn               (no ring)

@: flying
A: sickness immunity, fire resistance 2, cold vulnerability 1, float, innate
caster, hp casting, extra vitality 1
a: no special abilities


You were on level 1 of the Dungeon.
You visited 1 branch of the dungeon, and saw 1 of its levels.

You collected 56 gold pieces.

Inventory:

Missiles
 b - 2 throwing nets
Armour
 a - a +0 robe (worn)
Jewellery
 d - a +6 ring of intelligence (left hand)
Potions
 c - a potion of invisibility {unknown}


   Skills:
 + Level 2.5 Dodging
 + Level 1.7 Stealth
 + Level 3.0 Spellcasting


You couldn't memorise any spells.
You knew the following spells:

 Your Spells              Type           Power      Damage    Failure   Level
a - Foxfire               Conj/Fire      72%        2x1d7     3%          1
b - Scorch                Fire           36%        2d6       4%          2
c - Conjure Flame         Conj/Fire      18%        6-21      10%         3
d - Inner Flame           Hex/Fire       18%        N/A       10%         3
e - Flame Wave            Conj/Fire      18%        2d5       30%         4
f - Animate Skeleton      Necr           36%        N/A       3%          1
Your spell library was empty.

Dungeon Overview and Level Annotations

Branches:
Dungeon (1/15)

Altars:


Innate Abilities, Weirdness & Mutations

You are immune to sickness and miasma.
You are immune to poison.
Your flesh is very heat resistant. (rF++)
You are vulnerable to cold. (rC-)
You float through the air rather than walking.
You learn spells naturally, not from books.
Your magical power is your life essence.
You have superior vitality. (+4 MHP)


Message History

Confirm with . or Enter, or press ? or * to list all spells.
The spell is quite dangerous to miscast (10% risk of failure)!
Continue anyway?
The fire begins to smoulder!
The fire ignites!
Casting: Conjure Flame (quite dangerous; 10% risk of failure)
Confirm with . or Enter, or press ? or * to list all spells.
You conjure some foxfire!
The foxfire hits the rat.
You kill the rat!
Really fly into that cloud of flame? [Y]es or [N]o only, please.
Really fly into that cloud of flame?
You are engulfed in blazing flames.
You resist.
Your foxfire dissipates!
You start resting.
A bat comes into view.
A bat is nearby!
A bat is nearby!
Unknown command.
Casting: Foxfire (safe; 3% risk of failure)
Confirm with . or Enter, or press ? or * to list all spells.
The spell is quite dangerous to miscast (10% risk of failure)!
Continue anyway? [Y]es or [N]o only, please.
The spell is quite dangerous to miscast (10% risk of failure)!
Continue anyway?
The fire begins to smoulder!
Casting: Conjure Flame (quite dangerous; 10% risk of failure)
Confirm with . or Enter, or press ? or * to list all spells.
The spell is quite dangerous to miscast (10% risk of failure)!
Continue anyway?
The fire ignites!
You are engulfed in blazing flames.
You resist.
* * * LOW HITPOINT WARNING * * *
The bat hits you but does no damage. The bat hits you.
* * * LOW HITPOINT WARNING * * *
Casting: Conjure Flame (quite dangerous; 10% risk of failure)
Confirm with . or Enter, or press ? or * to list all spells.
You don't have enough health to cast this spell.
Unknown command.
The bat barely misses you. The bat barely misses you.
You hit the bat but do no damage. The bat hits you.
You die...

#.#....#....##.)#.#
#.#.####........#..
#......#.#......#.#
#.).##.#.#..##..###
###.###...#
#...........
#....)...§#
####..#..###
$.##.###..#
...#.#..# #.....[#
###.#....# #...b@.#
..#....# #.....##
##...[..# #....##?#
#.##...# ..#.# #.#
#. #...# . #. #.. #
##..# # #.. ...
##.#


You could see a bat.

Vanquished Creatures
  An endoplasm (D:1)
  A goblin (D:1)
  7 jackals (D:1)
  4 kobolds (D:1)
  A ball python (D:1)
  2 bats (D:1)
  3 rats (D:1)
19 creatures vanquished.

Vanquished Creatures (others)
  33 foxfires (D:1)
33 creatures vanquished.

Grand Total: 52 creatures vanquished

Notes
Turn   | Place    | Note
-------+----------+-------------------------------------------
     0 | D:1      | lonewolfV2 the Djinni Fire Elementalist began the quest for
                  | the Orb.
     0 | D:1      | Reached XP level 1. HP: 15/15 MP: 0/0
   382 | D:1      | Reached XP level 2. HP: 19/21 MP: 0/0
   970 | D:1      | Reached skill level 3 in Spellcasting
   973 | D:1      | Reached XP level 3. HP: 15/25 MP: 0/0
   973 | D:1      | Learned a level 1 spell: Animate Skeleton
  1069 | D:1      | HP: 1/25 [bat (1)]
  1073 | D:1      | Slain by a bat

Illustrated notes

Levels and vault maps discovered:
D:1:      tarquinn_simple_flora_water_a, layout_basic,
          nicolae_ecumenical_snake_handling, minmay_hexomino_p4

Skill      XL: |  1  2 |
---------------+-------+-----
Spellcasting   | 3 |  3.0
Dodging        | |  2.5
Stealth        | |  1.7

Action                   || total
-------------------------++-------
Melee: Unarmed           ||     4
 Cast: Foxfire           ||    28
       Scorch            ||     2
       Conjure Flame     ||     3
Armor: Robe              ||     3
Dodge: Dodged            ||    21

Table legend: (Time is in decaauts)
 A = Elapsed time spent in this place.
 B = Non-inter-level travel time spent in this place.
 C = Inter-level travel time spent in this place.
 D = Time resting spent in this place.
 E = Time spent auto-exploring this place.
 F = Levels seen in this place.
 G = Mean time per level.
                   A        B        C        D        E       F      G
               +--------+--------+--------+--------+--------+-----+--------+
         Total |   1072 |   1072 |      0 |    680 |    257 |   1 | 1072.0 |
       Dungeon |   1072 |   1072 |      0 |    680 |    257 |   1 | 1072.0 |
               +--------+--------+--------+--------+--------+-----+--------+

Top non-repeatable levels by time:
     D:1: 1072 daAuts
